 Dungeon Crawl Stone Soup version 0.27-a0-1384-g1422d76b99 (webtiles) character file.

Game seed: 13850610674728195882

2 ClockworkOrrery the Skirmisher (level 1, 14/14 HPs)
             Began as a Gargoyle Fighter on June 25, 2021.
             Was a Follower of Fedhas.
             Quit the game on level 1 of the Dungeon on June 30, 2021.
             The game lasted 00:00:25 (182 turns).

ClockworkOrrery the Skirmisher (Gargoyle Fighter)    Turns: 182, Time: 00:00:26

Health: 14/14      AC:  9    Str: 19    XL:     1   Next: 40%
Magic:  1/1        EV:  7    Int:  8    God:    Fedhas [*.....]
Gold:   5          SH:  9    Dex:  9    Spells: 0/0 levels left

rFire    . . .     SeeInvis .   a - +0 flail
rCold    . . .     Faith    .   c - +0 kite shield
rNeg     + . .     Spirit   .   b - +0 scale mail
rPois    ∞         Reflect  .   (no helmet)
rElec    +         Harm     .   (no cloak)
rCorr    .         Rampage  .   (no gloves)
Will     .....                  (no boots)
Stlth    ..........             (no amulet)
HPRegen  0.04/turn              (no ring)
MPRegen  0.07/turn              (no ring)

@: no status effects
A: sickness immunity, AC +2, negative energy resistance 1, electricity
resistance, torment resistance 1, petrification resistance
a: Renounce Religion


You were on level 1 of the Dungeon.
You worshipped Fedhas.
Fedhas was aware of your devotion.
You visited 1 branch of the dungeon, and saw 1 of its levels.

You collected 5 gold pieces.

Inventory:

Hand Weapons
 a - a +0 flail (weapon)
Armour
 b - a +0 scale mail (worn)
 c - a +0 kite shield (worn)
Scrolls
 e - a scroll of identify {unknown}
Potions
 d - a potion of might


   Skills:
 * Level 3.5 Fighting
 - Level 2.0 Maces & Flails
 - Level 3.2 Armour
 - Level 3.2 Shields


You couldn't memorise any spells.
You didn't know any spells.
Your spell library was empty.

Dungeon Overview and Level Annotations

Branches:
Dungeon (1/15)

Altars:
Fedhas


Innate Abilities, Weirdness & Mutations

You are immune to sickness and miasma.
Your stone body is resilient. (AC +2)
You are immune to poison.
You resist negative energy. (rN+)
You are resistant to electric shocks. (rElec)
You are resistant to unholy torment.
You are immune to petrification.


Message History

HP restored.
You now have 5 gold pieces.
Found a faded altar of an unknown god.
A goblin comes into view. It is wielding a +0 club.
The goblin shouts!
Found a scroll labelled HAOPUEGA JOMISM.
The goblin hits you but does no damage.
You hit the goblin.
The goblin is heavily wounded.
The goblin hits you with a +0 club. The goblin completely misses you.
You closely miss the goblin.
The goblin is heavily wounded.
The goblin barely misses you.
You hit the goblin.
You kill the goblin!
No target in view!
No target in view!
No target in view!
No target in view!
No target in view!
No target in view!
No target in view!
No target in view!
No target in view!
No target in view!
No target in view!
No target in view!
No target in view!
Things that are here:
a +0 club; a goblin corpse
e - a scroll labelled HAOPUEGA JOMISM
Found a long sword.
You enter the shallow water.
Moving in this stuff is going to be slow.
There is a faded altar of an unknown god here.
You cannot tell which god this altar belongs to.
Convert to them anyway?
Fedhas accepts your prayer! Fedhas welcomes you!
The plants of the dungeon cease their hostilities.
Are you sure you want to abandon this character and quit the game? (Confirm with "yes".)

##.#####.##
##.#.....#.##
###..≈.....≈..##
..#≈)≈...≈.≈#.#
#..≈.≈.≈.≈..#
#...≈.≈.≈...# #
#...≈≈.≈≈...#
#.#...≈≈@≈≈...#
#.#..≈.≈≈≈.≈..#
#.#≈≈≈≈.≈≈≈≈#.#
#.#..≈.≈..#.#
#..#.≈.≈.#.##
#.#.##.##.##
#..).....##
#.#....###
##.######


There were no monsters in sight!

Vanquished Creatures
  A goblin (D:1)
  A hobgoblin (D:1)
2 creatures vanquished.

Notes
Turn   | Place    | Note
-------+----------+-------------------------------------------
     0 | D:1      | ClockworkOrrery the Gargoyle Fighter began the quest for
                  | the Orb.
     0 | D:1      | Reached XP level 1. HP: 14/14 MP: 1/1
     0 | D:1      | Upgraded the game from 0.27-a0-1325-g58a489ad9e to
                  | 0.27-a0-1384-g1422d76b99
    81 | D:1      | Found a faded altar of an unknown god.
   181 | D:1      | Became a worshipper of Fedhas Madash
   181 | D:1      | Reached * piety under Fedhas
   182 | D:1      | Quit the game

Illustrated notes

Levels and vault maps discovered:
D:1:      sevenhm_arrival_forest_fort_small_6, layout_loops_ring,
          shapermc_ecumenical_altar_starsandcircs,
          hangedman_abyss_or_decor_stabs, hangedman_decor_peaks_small,
          minmay_misc_feat_hallway, amethyst_killhole

Action                   || total
-------------------------++-------
Melee: Flail             ||    11
Armor: Scale mail        ||     5
Dodge: Dodged            ||     6
Block: Kite shield       ||     2

Table legend: (Time is in decaauts)
 A = Elapsed time spent in this place.
 B = Non-inter-level travel time spent in this place.
 C = Inter-level travel time spent in this place.
 D = Time resting spent in this place.
 E = Time spent auto-exploring this place.
 F = Levels seen in this place.
 G = Mean time per level.
                   A        B        C        D        E       F      G
               +--------+--------+--------+--------+--------+-----+--------+
         Total |    188 |    188 |      0 |      0 |    156 |   1 |  188.0 |
       Dungeon |    188 |    188 |      0 |      0 |    156 |   1 |  188.0 |
               +--------+--------+--------+--------+--------+-----+--------+

Top non-repeatable levels by time:
     D:1: 188 daAuts
